Bilii, neutral female gnomish Wizard *########################### # ----------------# ----.-### |..........<...|# |....-########)####...............|# -------- |....| -------|-----.--################.......| |....| # ####### |......| |...f-@ ### # |......| -.-.--# ################ ## #%.......| ### # ### --------|- # |(.....| # ### # |........| ### |......| # # ### |........| # -------- # ### # |.[.......####### # # ###%# |........| ----|--- ###------------- ---------- |......| #............| |{.....|#######|...........| |......| |...........| -------- |.........#>| ------------- Bilii the Conjurer Experience level: 3 Strength: 10 Dexterity: 11 Constitution: 18 Intelligence: 19 Wisdom: 9 Charisma: 8 Health: 30(30) Energy: 13(29) Def: 1 Gold: 291 Moves: 1532 Dungeon seed: 4lU72YNy0o5JG2Sk Game ID: Bilii_1545069390 Your Inventory: Coins $ - 291 gold pieces Weapons a - a blessed +1 quarterstaff (weapon in hands) B - a +0 orcish dagger Armor e - an uncursed +0 cloak of magic resistance (being worn) Comestibles u - an uncursed partly eaten egg Scrolls i - an uncursed scroll of taming j - an uncursed scroll of food detection k - an uncursed scroll of identify s - an uncursed scroll of remove curse D - a cursed scroll of teleportation Spellbooks l - a blessed spellbook of force bolt m - an uncursed spellbook of jumping w - an uncursed spellbook of restore ability Potions f - an uncursed potion of speed g - an uncursed potion of extra healing h - an uncursed potion of sickness t - an uncursed potion of see invisible Rings c - an uncursed ring of warning (on left hand) d - an uncursed ring of teleport control (on right hand) A - a cursed -2 ring of increase damage Wands b - a wand of digging (0:4) Tools n - an uncursed bell Spells and supernatural/magical abilities: Name Level Category Fail Memory a - force bolt 1 attack 0% 93% j - jumping 1 escape 0% 93% W - pray for help -- divine ? -- Your skills at the end: Fighting Skills Weapon Skills quarterstaff [Basic] Spellcasting Skills attack spells [Basic] enchantment spells [Basic] Final Attributes: You were devoutly aligned. You were magic-protected. You were warned. You had infravision. You had teleport control. You are dead. Vanquished creatures: a floating eye a werejackal 2 gas spores a hobgoblin 4 giant rats a red mold a gnome zombie 2 geckos 9 jackals 2 goblins 2 sewer rats 4 grid bugs a lichen 7 newts 38 creatures vanquished. Voluntary challenges: You were an atheist. You used a wielded weapon 24 times, starting on turn 21. You read items or engraved 2 times, starting on turn 89. You never genocided any monsters. You never polymorphed an object. You never changed form. You used no wishes. You never split a pudding. You never wrote Elbereth's name. You never violated your personal moral code. Dungeon overview: The Dungeons of Doom: levels 1 to 4 Level 1 some fountains, a sink a long staircase Level 2 a long staircase Level 3 a general store, a fountain Level 4 <- You were here a fountain, a sink History has recorded: On T:1 you entered the Dungeons of Doom to retrieve the Amulet of Yendor! On T:369 you reached level 2 of The Dungeons of Doom. On T:617 you reached level 3 of The Dungeons of Doom. On T:700 you advanced to experience level 2. On T:980 you reached level 4 of The Dungeons of Doom. On T:993 you advanced to experience level 3. Score breakdown: Gold: 291 ( 8386 points) Experience: 3 levels ( 7878 points) Exploration: 4 levels ( 8.00%) ( 7423 points) Discoveries: 4 items ( 1.39%) ( 3541 points) Valuables value: (no points given unless you survive) Artifact value: 0 ( 0 points) Variety of kills: 14 monsters ( 3.67%) ( 5750 points) Turncount: 1532 turns ( 0 points) Survival: died (score multiplied by 80%) Total score: 26382 Latest messages: You stop. Your kitten is in the way! You hear some noises. The spell hits the giant rat! You kill the giant rat! Sorry, I don't know how to use that. You displace your kitten. You stop. Your kitten is in the way! You displace your kitten. The door opens. You are beginning to feel hungry. You displace your kitten. Ulch! That meat was tainted! You feel deathly sick. That command is only available in debug mode. Blecch! Rotten food! The world spins and goes dark. You come to. That command is only available in debug mode. (2x) You die from your illness. Final status: Goodbye Bilii the Wizard, poisoned by a rotted gecko corpse... You were poisoned in The Dungeons of Doom on dungeon level 4 with 26382 points, and 291 pieces of gold, after 1532 moves. You were level 3 with a maximum of 30 hit points when you were poisoned.